Tappara Tampere vs Toronto St Pats
Created - Thursday, December 11, 2025 at 07:19
Goals
|
| Tappara Tampere |
1 |
4 |
1 |
6 |
| Toronto St Pats |
0 |
0 |
1 |
1 |
|
Shots
|
| Tappara Tampere |
12 |
13 |
13 |
38 |
| Toronto St Pats |
10 |
9 |
12 |
31 |
|
1st period
1. Tappara Tampere , Logan Stankoven 14 (Justin Holl 4, Michael Rasmussen 18) at 0:13
Penalties :
Jakub Dvorak (TSP) for Fighting (Major) at 2:43, Nathan Walker (TAP) for Fighting (Major) at 2:43, Austin Watson (TSP) for Fighting (Major) at 12:19, Andreas Englund (TAP) for Fighting (Major) at 12:19, Austin Watson (TSP) for High sticking (Minor) at 19:48
2nd period
2. Tappara Tampere , Andrew Poturalski 6 (John Klingberg 7) at 0:06 (PP)
3. Tappara Tampere , Jonathan Lekkerimaki 2 (Max Sasson 1, Ville Ottavainen 3) at 2:35
4. Tappara Tampere , Logan Stankoven 15 (Michael Rasmussen 19) at 4:29
5. Tappara Tampere , John Klingberg 2 (Michael Rasmussen 20, Logan Stankoven 9) at 7:25 (PP)
Penalties :
Brett Berard (TSP) for Tripping (Minor) at 6:18, Juuso Valimaki (TSP) for Roughing (Double Minor) at 7:39, Klim Kostin (TAP) for Elbowing (Minor) at 17:28
3rd period
6. Tappara Tampere , Logan Stankoven 16 (Nathan Walker 10, Tomas Nosek 6) at 10:01
7. Toronto St Pats , Brett Berard 7 (Scott Perunovich 12) at 11:59
Penalties :
Jonah Gadjovich (TSP) for Fighting (Major) at 3:31, Logan Stankoven (TAP) for Fighting (Major) at 3:31, Aleksanteri Kaskimaki (TSP) for Fighting (Major) at 14:59, Andreas Englund (TAP) for Fighting (Major) at 14:59, Elias Salomonsson (TSP) for Diving (Minor) at 16:21
Goalie Stats
Joel Hofer (TAP), 30 saves from 31 shots - (0.968), W, 11-1-0, 60:00 minutes
Matt Murray (TSP), 32 saves from 38 shots - (0.842), L, 7-5-2, 60:00 minutes
Players Stats for Tappara Tampere
Player Name G A P +/- PIM S H SB GA TA FO MP PP MP PK MP
------------------------------------------------------------------------------------
0 0 0 0 0 0 0 0 0 0 0/0 0:00 0:00 0:00
Andreas Englund 0 0 0 0 10 0 1 2 0 1 0/0 16:48 2:39 0:48
Andrew Poturalski 1 0 1 0 0 5 2 0 0 0 1/1 18:02 3:23 0:00
Jan Rutta 0 0 0 3 0 1 0 0 1 2 0/0 21:55 2:37 1:11
Jayson Megna 0 0 0 1 0 2 2 0 0 0 1/2 10:52 1:03 0:07
John Klingberg 1 1 2 0 0 2 0 1 0 1 0/0 19:23 3:50 0:00
Jonathan Lekkerimaki 1 0 1 1 0 4 0 0 0 0 0/0 9:55 0:35 0:00
Justin Holl 0 1 1 3 0 1 1 0 0 0 0/0 21:28 2:37 1:11
Klim Kostin 0 0 0 0 2 1 1 0 0 0 0/0 12:42 0:25 0:00
Logan Stankoven 3 1 4 2 5 5 2 0 1 0 0/0 16:28 3:00 0:00
Max Sasson 0 1 1 1 0 1 0 1 0 0 0/0 9:11 0:00 0:00
Michael Rasmussen 0 3 3 2 0 4 1 2 1 0 13/30 18:48 3:00 1:00
Mitchell Chaffee 0 0 0 0 0 2 0 0 0 0 1/1 16:11 3:20 0:00
Nathan Walker 0 1 1 2 5 0 5 0 1 2 0/0 17:37 3:00 1:00
Pierre Engvall 0 0 0 0 0 5 1 0 0 0 0/1 18:00 3:20 0:07
Sam Carrick 0 0 0 0 0 1 5 0 1 1 13/20 15:55 0:03 0:52
Sebastian J. Aho 0 0 0 0 0 1 0 0 0 3 0/0 18:41 0:56 0:00
Tomas Nosek 0 1 1 0 0 3 1 0 1 1 2/5 14:24 1:00 0:52
Ville Ottavainen 0 1 1 0 0 0 4 0 0 0 0/0 21:36 2:07 0:48
Players Stats for Toronto St Pats
Player Name G A P +/- PIM S H SB GA TA FO MP PP MP PK MP
------------------------------------------------------------------------------------
0 0 0 0 0 0 0 0 0 0 0/0 0:00 0:00 0:00
Aleksanteri Kaskimaki 0 0 0 0 5 4 1 0 2 1 9/11 12:56 0:09 0:00
Austin Watson 0 0 0 -2 7 1 5 0 2 0 0/2 16:45 0:59 2:56
Bogdan Trineyev 0 0 0 0 0 0 2 1 1 0 0/0 12:19 0:00 0:00
Brendan Brisson 0 0 0 -2 0 1 0 0 1 1 0/0 9:53 0:00 0:39
Brett Berard 1 0 1 1 2 3 2 3 3 0 1/2 18:27 0:51 2:39
Cole McWard 0 0 0 0 0 1 0 1 0 0 0/0 21:01 0:52 4:01
Cole Schwindt 0 0 0 1 0 3 1 0 0 1 0/0 16:05 0:51 0:00
Elias Salomonsson 0 0 0 -1 2 3 1 0 1 1 0/0 15:16 0:00 0:10
Jacob Moverare 0 0 0 -2 0 1 1 2 0 0 0/0 24:57 1:07 3:39
Jakub Dvorak 0 0 0 -1 5 2 0 1 0 1 0/0 14:33 0:00 1:51
John Farinacci 0 0 0 1 0 1 1 0 0 0 5/16 16:15 1:00 0:00
Jonah Gadjovich 0 0 0 0 5 3 2 0 0 0 0/1 13:01 0:00 1:39
Juuso Valimaki 0 0 0 -2 4 0 0 2 0 0 0/0 23:44 1:07 1:30
Kyle MacLean 0 0 0 -2 0 1 5 0 0 0 7/18 18:53 0:59 3:06
Nico Myatovic 0 0 0 -2 0 1 1 0 0 0 0/0 7:53 0:00 0:00
Scott Perunovich 0 1 1 0 0 0 2 2 1 1 0/0 20:29 0:52 3:35
Ty Mueller 0 0 0 -2 0 2 1 0 0 0 4/6 11:03 0:09 0:33
Ville Koivunen 0 0 0 -2 0 4 2 0 0 0 3/4 18:59 0:59 3:14
3 Stars
1 - Logan Stankoven (TAP)
2 - Michael Rasmussen (TAP)
3 - Joel Hofer (TAP)
Power Play
Tappara Tampere - 2 on 5 Attempt(s) - 40.00%
Toronto St Pats - 0 on 1 Attempt(s) - 0.00%
Penalty Kill
Tappara Tampere - 1 on 1 Attempt(s) - 100.00%
- Score 0 goal in Penalty Kill
Toronto St Pats - 3 on 5 Attempt(s) - 60.00%
- Score 0 goal in Penalty Kill
Team Stat
Tappara Tampere - Hits : 26 - Faceoff Wins : 31 - Blocked Shots : 6 - Penalty Minutes : 22
Toronto St Pats - Hits : 27 - Faceoff Wins : 29 - Blocked Shots : 12 - Penalty Minutes : 30
Official
Referees : Gord Dwyer and Steve Kozari
Linesman : Dan Kelly and Derek Nansen
Game Notes
Jakub Dvorak beats up Nathan Walker at 2:43 of 1st period
Austin Watson beats up Andreas Englund at 12:19 of 1st period
Logan Stankoven beats up Jonah Gadjovich at 3:31 of 3rd period
Logan Stankoven has scored a Hat Trick!
Aleksanteri Kaskimaki and Andreas Englund fight to a draw at 14:59 of 3rd period
Tappara Tampere
5 vs 5 Forward
Center Left Wing Right Wing Time % Phy DF OF
1 Michael Rasmussen Nathan Walker Logan Stankoven 30 0 2 3
2 Sam Carrick Pierre Engvall Andrew Poturalski 30 0 2 3
3 Tomas Nosek Klim Kostin Mitchell Chaffee 25 1 2 2
4 Jayson Megna Max Sasson Jonathan Lekkerimaki 15 1 2 2
5 vs 5 Defense
Defense Defense Time % Phy DF OF
1 Jan Rutta Justin Holl 34 1 2 2
2 Andreas Englund John Klingberg 33 1 2 2
3 Ville Ottavainen Sebastian J. Aho 33 1 2 2
4 Jan Rutta Justin Holl 0 1 2 2
PowerPlay Forward
Center Left Wing Right Wing Time % Phy DF OF
1 Michael Rasmussen Nathan Walker Logan Stankoven 50 0 0 5
2 Andrew Poturalski Pierre Engvall Mitchell Chaffee 50 0 0 5
PowerPlay Defense
Defense Defense Time % Phy DF OF
1 Jan Rutta Justin Holl 50 0 1 4
2 Andreas Englund John Klingberg 50 0 1 4
Penalty Kill 4 Players Forward
Center Wing Time % Phy DF OF
1 Michael Rasmussen Nathan Walker 50 0 5 0
2 Sam Carrick Tomas Nosek 50 0 5 0
Penalty Kill 4 Players Defense
Defense Defense Time % Phy DF OF
1 Jan Rutta Justin Holl 50 0 5 0
2 Ville Ottavainen Andreas Englund 50 0 5 0
Penalty Kill - 3 Players Forward
Forward Time % Phy DF OF
1 Michael Rasmussen 50 0 5 0
2 Sam Carrick 50 0 5 0
Penalty Kill - 3 Players Defense
Defense Defense Time % Phy DF OF
1 Jan Rutta Justin Holl 50 0 5 0
2 Ville Ottavainen Andreas Englund 50 0 5 0
4 vs 4 Forward
Center Wing Time % Phy DF OF
1 Michael Rasmussen Logan Stankoven 50 1 2 2
2 Sam Carrick Nathan Walker 50 1 2 2
4 vs 4 Defense
Defense Defense Time % Phy DF OF
1 Jan Rutta Justin Holl 50 1 2 2
2 Andreas Englund John Klingberg 50 1 2 2
Last Minutes Offensive
Center Left Wing Right Wing Defense Defense
Andrew Poturalski Logan Stankoven Mitchell Chaffee Jan Rutta John Klingberg
Last Minutes Defensive
Center Left Wing Right Wing Defense Defense
Sam Carrick Nathan Walker Michael Rasmussen Jan Rutta Justin Holl
Goaltenders
Starting : Joel Hofer
Backup : Ken Appleby
Extra Forwards
Normal : Mitchell Chaffee, Tomas Nosek, Jayson Megna - PP : Mitchell Chaffee, Tomas Nosek - PK : Jayson Megna
Extra Defensemen
Normal : Ville Ottavainen, Sebastian J. Aho, Andreas Englund - PP : Andreas Englund - PK : Sebastian J. Aho, Andreas Englund
Penalty Shots
Jayson Megna, Jonathan Lekkerimaki, Andrew Poturalski, Nathan Walker, Sam Carrick
Scratches
Dominik Kubalik (Healthy), Roni Hirvonen (Healthy), Simon Robertsson (Healthy), Niko Huuhtanen (Healthy), Ty Gallagher (Healthy)
Jesse Pulkkinen (Healthy), Jesper Vikman (Healthy), Nikita Tolopilo (Healthy), Brandon Bussi (Healthy)
Toronto St Pats
5 vs 5 Forward
Center Left Wing Right Wing Time % Phy DF OF
1 Kyle MacLean Austin Watson Ville Koivunen 30 1 2 2
2 John Farinacci Brett Berard Cole Schwindt 30 1 2 2
3 Aleksanteri Kaskimaki Jonah Gadjovich Bogdan Trineyev 25 1 2 2
4 Ty Mueller Nico Myatovic Brendan Brisson 15 1 2 2
5 vs 5 Defense
Defense Defense Time % Phy DF OF
1 Juuso Valimaki Jacob Moverare 30 1 2 2
2 Scott Perunovich Cole McWard 30 1 2 2
3 Elias Salomonsson Jakub Dvorak 25 1 2 2
4 Juuso Valimaki Jacob Moverare 15 1 2 2
PowerPlay Forward
Center Left Wing Right Wing Time % Phy DF OF
1 Kyle MacLean Austin Watson Ville Koivunen 50 1 1 3
2 John Farinacci Brett Berard Cole Schwindt 50 1 1 3
PowerPlay Defense
Defense Defense Time % Phy DF OF
1 Juuso Valimaki Jacob Moverare 50 1 1 3
2 Scott Perunovich Cole McWard 50 1 1 3
Penalty Kill 4 Players Forward
Center Wing Time % Phy DF OF
1 Kyle MacLean Austin Watson 50 2 3 0
2 Brett Berard Ville Koivunen 50 2 3 0
Penalty Kill 4 Players Defense
Defense Defense Time % Phy DF OF
1 Juuso Valimaki Jacob Moverare 50 2 3 0
2 Scott Perunovich Cole McWard 50 2 3 0
Penalty Kill - 3 Players Forward
Forward Time % Phy DF OF
1 Kyle MacLean 50 2 3 0
2 Austin Watson 50 2 3 0
Penalty Kill - 3 Players Defense
Defense Defense Time % Phy DF OF
1 Juuso Valimaki Jacob Moverare 50 2 3 0
2 Scott Perunovich Cole McWard 50 2 3 0
4 vs 4 Forward
Center Wing Time % Phy DF OF
1 Kyle MacLean Austin Watson 50 1 2 2
2 Brett Berard Ville Koivunen 50 1 2 2
4 vs 4 Defense
Defense Defense Time % Phy DF OF
1 Juuso Valimaki Jacob Moverare 50 1 2 2
2 Scott Perunovich Cole McWard 50 1 2 2
Last Minutes Offensive
Center Left Wing Right Wing Defense Defense
Kyle MacLean Austin Watson Ville Koivunen Juuso Valimaki Jacob Moverare
Last Minutes Defensive
Center Left Wing Right Wing Defense Defense
Kyle MacLean Austin Watson Ville Koivunen Juuso Valimaki Jacob Moverare
Goaltenders
Starting : Matt Murray
Backup : Ben Kraws
Extra Forwards
Normal : Aleksanteri Kaskimaki, Ty Mueller, Jonah Gadjovich - PP : Aleksanteri Kaskimaki, Ty Mueller - PK : Jonah Gadjovich
Extra Defensemen
Normal : Elias Salomonsson, Jakub Dvorak, Scott Perunovich - PP : Elias Salomonsson - PK : Jakub Dvorak, Scott Perunovich
Penalty Shots
Kyle MacLean, Austin Watson, Brett Berard, Ville Koivunen, John Farinacci
Scratches
Jakub Stancl (Healthy), Ryan Tverberg (Healthy), Dylan Peterson (Healthy), Eetu Liukas (Healthy), Matthew Maggio (Healthy)
Joni Jurmo (Healthy), Lassi Thomson (Healthy), Jakub Skarek (Healthy), Sergei Murashov (Healthy)
% Time on Ice - Tappara Tampere
Lines # - Real PCT - Wanted PCT - Time Play
Normal Forward
1 - 29% - 30% - 14:48
2 - 29% - 30% - 14:35
3 - 24% - 25% - 12:04
4 - 18% - 15% - 9:11
Normal Defense
1 - 34% - 34% - 17:11
2 - 34% - 33% - 17:00
3 - 32% - 33% - 16:05
4 - 1% - 0% - 0:22
PP Forward
1 - 48% - 50% - 3:33
2 - 52% - 50% - 3:50
PP Defense
1 - 35% - 50% - 2:37
2 - 65% - 50% - 4:46
PK Forward
1 - 53% - 50% - 1:03
2 - 47% - 50% - 0:56
PK Defense
1 - 60% - 50% - 1:11
2 - 40% - 50% - 0:48
PK3 Forward
1 - 0% - 50%
2 - 0% - 50%
PK3 Defense
1 - 0% - 50%
2 - 0% - 50%
44 Forward
1 - 0% - 50%
2 - 0% - 50%
44 Defense
1 - 0% - 50%
2 - 0% - 50%
Last Minute Offensive - 0:00
Last Minute Defensive - 0:00
Total
Forward - 60:00
Defense - 60:00
|
% Time on Ice - Toronto St Pats
Lines # - Real PCT - Wanted PCT - Time Play
Normal Forward
1 - 30% - 30% - 15:11
2 - 30% - 30% - 15:15
3 - 24% - 25% - 12:19
4 - 16% - 15% - 7:53
Normal Defense
1 - 30% - 30% - 15:04
2 - 31% - 30% - 15:53
3 - 26% - 25% - 13:25
4 - 12% - 15% - 6:16
PP Forward
1 - 50% - 50% - 0:59
2 - 50% - 50% - 1:00
PP Defense
1 - 56% - 50% - 1:07
2 - 44% - 50% - 0:52
PK Forward
1 - 46% - 50% - 3:24
2 - 54% - 50% - 3:59
PK Defense
1 - 52% - 50% - 3:49
2 - 48% - 50% - 3:34
PK3 Forward
1 - 0% - 50%
2 - 0% - 50%
PK3 Defense
1 - 0% - 50%
2 - 0% - 50%
44 Forward
1 - 0% - 50%
2 - 0% - 50%
44 Defense
1 - 0% - 50%
2 - 0% - 50%
Last Minute Offensive - 0:00
Last Minute Defensive - 0:00
Total
Forward - 60:00
Defense - 60:00
|
Play-by-Play
1st period
0:01 of 1st period - Michael Rasmussen wins face-off versus Kyle MacLean in neutral zone.
0:04 of 1st period - Jacob Moverare is hit by Nathan Walker and loses puck.
0:11 of 1st period - Snap shot by Michael Rasmussen.
0:11 of 1st period - Shot Misses the Net.
0:13 of 1st period - Slapshot by Justin Holl.
0:13 of 1st period - Deflect By Logan Stankoven.
0:13 of 1st period - Goal by Logan Stankoven - Tappara Tampere : 1 - Toronto St Pats : 0.
0:14 of 1st period - Sam Carrick wins face-off versus John Farinacci in neutral zone.
1:03 of 1st period - Ville Koivunen is hit by Ville Ottavainen and loses puck.
1:12 of 1st period - Jayson Megna is hit by Jacob Moverare and loses puck.
1:43 of 1st period - Juuso Valimaki is hit by Sam Carrick and loses puck.
2:32 of 1st period - Off-side.
2:33 of 1st period - Michael Rasmussen wins face-off versus Kyle MacLean in neutral zone.
2:36 of 1st period - Snap shot by Michael Rasmussen.
2:36 of 1st period - Shot Misses the Net.
2:43 of 1st period - Jakub Dvorak beats up Nathan Walker.
2:43 of 1st period - Penalty to Jakub Dvorak for Fighting.
2:43 of 1st period - Penalty to Nathan Walker for Fighting.
2:44 of 1st period - John Farinacci wins face-off versus Sam Carrick in Tappara Tampere zone.
3:13 of 1st period - Snap shot by Jayson Megna.
3:13 of 1st period - Shot Misses the Net.
3:15 of 1st period - Slapshot by Max Sasson.
3:15 of 1st period - Stopped by Matt Murray with a rebound.
3:17 of 1st period - Slapshot by Jayson Megna.
3:17 of 1st period - Stopped by Matt Murray with a rebound.
3:19 of 1st period - Slapshot by Jonathan Lekkerimaki.
3:19 of 1st period - Stopped by Matt Murray with a rebound.
4:09 of 1st period - Jan Rutta is hit by Scott Perunovich and loses puck.
4:18 of 1st period - Wrist shot by Ty Mueller.
4:18 of 1st period - Stopped by Joel Hofer with a rebound.
4:20 of 1st period - Slapshot by Nico Myatovic.
4:20 of 1st period - Stopped by Joel Hofer with a rebound.
4:47 of 1st period - Justin Holl is hit by Austin Watson and loses puck.
4:54 of 1st period - Snap shot by Jonathan Lekkerimaki.
4:54 of 1st period - Shot Misses the Net.
5:20 of 1st period - Wrist shot by Michael Rasmussen.
5:20 of 1st period - Stopped by Matt Murray without a rebound.
5:21 of 1st period - Michael Rasmussen wins face-off versus Ty Mueller in Toronto St Pats zone.
5:24 of 1st period - Backhand shot by Michael Rasmussen.
5:24 of 1st period - Stopped by Matt Murray with a rebound.
5:51 of 1st period - Andrew Poturalski is hit by Kyle MacLean and loses puck.
6:00 of 1st period - Ville Koivunen is hit by Pierre Engvall and loses puck.
6:36 of 1st period - Slapshot by Jonah Gadjovich.
6:36 of 1st period - Stopped by Joel Hofer with a rebound.
6:38 of 1st period - Wrist shot by Jonah Gadjovich.
6:38 of 1st period - Stopped by Joel Hofer without a rebound.
6:39 of 1st period - Sam Carrick wins face-off versus John Farinacci in Tappara Tampere zone.
6:39 of 1st period - Sam Carrick is hit by John Farinacci.
6:47 of 1st period - Snap shot by Andrew Poturalski.
6:47 of 1st period - Stopped by Matt Murray without a rebound.
6:48 of 1st period - Sam Carrick wins face-off versus John Farinacci in Toronto St Pats zone.
6:53 of 1st period - Slapshot by Pierre Engvall.
6:53 of 1st period - Stopped by Matt Murray with a rebound.
6:55 of 1st period - Slapshot by Sam Carrick.
6:55 of 1st period - Stopped by Matt Murray with a rebound.
7:34 of 1st period - Icing by Cole Schwindt.
7:35 of 1st period - Mitchell Chaffee wins face-off versus John Farinacci in Toronto St Pats zone.
7:58 of 1st period - Snap shot by Brett Berard.
7:58 of 1st period - Stopped by Joel Hofer with a rebound.
9:57 of 1st period - Snap shot by Aleksanteri Kaskimaki.
9:57 of 1st period - Shot Misses the Net.
9:59 of 1st period - Snap shot by Jakub Dvorak.
9:59 of 1st period - Stopped by Joel Hofer with a rebound.
10:01 of 1st period - Slapshot by Elias Salomonsson.
10:01 of 1st period - Stopped by Joel Hofer with a rebound.
11:10 of 1st period - Snap shot by Brett Berard.
11:10 of 1st period - Shot Misses the Net.
11:18 of 1st period - Slapshot by Klim Kostin.
11:18 of 1st period - Shot Blocked by Juuso Valimaki.
11:20 of 1st period - Snap shot by Tomas Nosek.
11:20 of 1st period - Stopped by Matt Murray without a rebound.
11:21 of 1st period - Kyle MacLean wins face-off versus Michael Rasmussen in Toronto St Pats zone.
11:32 of 1st period - Snap shot by Logan Stankoven.
11:32 of 1st period - Shot Misses the Net.
11:46 of 1st period - Pierre Engvall is hit by Bogdan Trineyev and loses puck.
12:18 of 1st period - Backhand shot by Mitchell Chaffee.
12:18 of 1st period - Deflect By Jakub Dvorak.
12:18 of 1st period - Shot Blocked by Jakub Dvorak.
12:18 of 1st period - Puck is out of play.
12:19 of 1st period - Kyle MacLean wins face-off versus Michael Rasmussen in Toronto St Pats zone.
12:19 of 1st period - Austin Watson beats up Andreas Englund.
12:19 of 1st period - Penalty to Austin Watson for Fighting.
12:19 of 1st period - Penalty to Andreas Englund for Fighting.
12:20 of 1st period - Ville Koivunen wins face-off versus Michael Rasmussen in Toronto St Pats zone.
12:34 of 1st period - Wrist shot by Ville Koivunen.
12:34 of 1st period - Stopped by Joel Hofer without a rebound.
12:35 of 1st period - Aleksanteri Kaskimaki wins face-off versus Sam Carrick in Tappara Tampere zone.
12:46 of 1st period - Wrist shot by Pierre Engvall.
12:46 of 1st period - Stopped by Matt Murray without a rebound.
12:47 of 1st period - Aleksanteri Kaskimaki wins face-off versus Michael Rasmussen in Toronto St Pats zone.
13:01 of 1st period - Snap shot by Logan Stankoven.
13:01 of 1st period - Shot Blocked by Juuso Valimaki.
13:03 of 1st period - Snap shot by Michael Rasmussen.
13:03 of 1st period - Shot Misses the Net.
13:13 of 1st period - Juuso Valimaki is hit by Andrew Poturalski.
13:26 of 1st period - Snap shot by Ville Koivunen.
13:26 of 1st period - Stopped by Joel Hofer without a rebound.
13:27 of 1st period - Tomas Nosek wins face-off versus John Farinacci in Tappara Tampere zone.
13:27 of 1st period - Tomas Nosek is hit by Elias Salomonsson.
13:42 of 1st period - Snap shot by Cole Schwindt.
13:42 of 1st period - Stopped by Joel Hofer without a rebound.
13:43 of 1st period - Michael Rasmussen wins face-off versus Ty Mueller in Tappara Tampere zone.
13:58 of 1st period - Backhand shot by Nathan Walker.
13:58 of 1st period - Shot Misses the Net.
15:57 of 1st period - Scott Perunovich is hit by Tomas Nosek and loses puck.
16:12 of 1st period - Wrist shot by Brett Berard.
16:12 of 1st period - Shot Misses the Net.
16:14 of 1st period - Slapshot by Brett Berard.
16:14 of 1st period - Shot Blocked by Max Sasson.
16:16 of 1st period - Slapshot by Elias Salomonsson.
16:16 of 1st period - Shot Blocked by John Klingberg.
16:26 of 1st period - Brendan Brisson is hit by Nathan Walker and loses puck.
16:33 of 1st period - Snap shot by Michael Rasmussen.
16:33 of 1st period - Shot Misses the Net.
16:47 of 1st period - Jan Rutta is hit by Nico Myatovic and loses puck.
17:15 of 1st period - Jonah Gadjovich is hit by Ville Ottavainen and loses puck.
17:24 of 1st period - Jonah Gadjovich is hit by Jayson Megna and loses puck.
17:35 of 1st period - Brendan Brisson is hit by Sam Carrick and loses puck.
17:44 of 1st period - Wrist shot by Sam Carrick.
17:44 of 1st period - Shot Misses the Net.
17:54 of 1st period - Scott Perunovich is hit by Andreas Englund and loses puck.
18:16 of 1st period - Logan Stankoven is hit by Austin Watson and loses puck.
18:36 of 1st period - John Klingberg is hit by Brett Berard and loses puck.
19:32 of 1st period - Slapshot by Jayson Megna.
19:32 of 1st period - Stopped by Matt Murray without a rebound.
19:33 of 1st period - Michael Rasmussen wins face-off versus Kyle MacLean in Toronto St Pats zone.
19:34 of 1st period - Snap shot by Logan Stankoven.
19:34 of 1st period - Shot Misses the Net.
19:40 of 1st period - Logan Stankoven is hit by Ville Koivunen and loses puck.
19:48 of 1st period - Minor Penalty to Austin Watson for High sticking.
19:49 of 1st period - Kyle MacLean wins face-off versus Michael Rasmussen in Toronto St Pats zone.
Goals for this period are 1 for Tappara Tampere vs 0 for Toronto St Pats.
Shots for this period are 12 for Tappara Tampere vs 10 for Toronto St Pats.
2nd period
0:01 of 2nd period - Andrew Poturalski wins face-off versus Kyle MacLean in neutral zone.
0:06 of 2nd period - Snap shot by Andrew Poturalski.
0:06 of 2nd period - Goal by Andrew Poturalski - Tappara Tampere : 2 - Toronto St Pats : 0.
0:07 of 2nd period - Sam Carrick wins face-off versus Aleksanteri Kaskimaki in neutral zone.
0:24 of 2nd period - Sam Carrick is hit by Jonah Gadjovich and loses puck.
0:39 of 2nd period - Kyle MacLean is hit by Nathan Walker and loses puck.
0:44 of 2nd period - Snap shot by Michael Rasmussen.
0:44 of 2nd period - Shot Hit the Post.
0:46 of 2nd period - Snap shot by Logan Stankoven.
0:46 of 2nd period - Shot Misses the Net.
2:09 of 2nd period - Snap shot by Andreas Englund.
2:09 of 2nd period - Shot Blocked by Brett Berard.
2:11 of 2nd period - Snap shot by Tomas Nosek.
2:11 of 2nd period - Stopped by Matt Murray with a rebound.
2:13 of 2nd period - Slapshot by John Klingberg.
2:13 of 2nd period - Shot Misses the Net.
2:19 of 2nd period - Backhand shot by Mitchell Chaffee.
2:19 of 2nd period - Shot Misses the Net.
2:33 of 2nd period - Wrist shot by Jonathan Lekkerimaki.
2:33 of 2nd period - Stopped by Matt Murray with a rebound.
2:35 of 2nd period - Wrist shot by Jonathan Lekkerimaki.
2:35 of 2nd period - Goal by Jonathan Lekkerimaki - Tappara Tampere : 3 - Toronto St Pats : 0.
2:36 of 2nd period - Aleksanteri Kaskimaki wins face-off versus Sam Carrick in neutral zone.
3:01 of 2nd period - Logan Stankoven is hit by Ville Koivunen and loses puck.
3:53 of 2nd period - Wrist shot by Max Sasson.
3:53 of 2nd period - Deflect By Jonathan Lekkerimaki.
3:53 of 2nd period - Stopped by Matt Murray with a rebound.
4:16 of 2nd period - Slapshot by Andrew Poturalski.
4:16 of 2nd period - Shot Misses the Net.
4:25 of 2nd period - Icing by Brendan Brisson.
4:26 of 2nd period - Michael Rasmussen wins face-off versus Austin Watson in Toronto St Pats zone.
4:29 of 2nd period - Wrist shot by Logan Stankoven.
4:29 of 2nd period - Goal by Logan Stankoven - Tappara Tampere : 4 - Toronto St Pats : 0.
4:30 of 2nd period - Aleksanteri Kaskimaki wins face-off versus Michael Rasmussen in neutral zone.
5:14 of 2nd period - Snap shot by Tomas Nosek.
5:14 of 2nd period - Stopped by Matt Murray without a rebound.
5:15 of 2nd period - Kyle MacLean wins face-off versus Tomas Nosek in Toronto St Pats zone.
5:22 of 2nd period - Snap shot by Ville Koivunen.
5:22 of 2nd period - Shot Hit the Post.
5:53 of 2nd period - Off-side.
5:54 of 2nd period - John Farinacci wins face-off versus Michael Rasmussen in neutral zone.
6:06 of 2nd period - Snap shot by Michael Rasmussen.
6:06 of 2nd period - Shot Blocked by Brett Berard.
6:18 of 2nd period - Minor Penalty to Brett Berard for Tripping.
6:19 of 2nd period - Kyle MacLean wins face-off versus Pierre Engvall in Toronto St Pats zone.
6:38 of 2nd period - Snap shot by Ville Koivunen.
6:38 of 2nd period - Stopped by Joel Hofer without a rebound.
6:39 of 2nd period - Michael Rasmussen wins face-off versus Jonah Gadjovich in Tappara Tampere zone.
7:11 of 2nd period - Slapshot by Jonah Gadjovich.
7:11 of 2nd period - Stopped by Joel Hofer with a rebound.
7:13 of 2nd period - Slapshot by Cole McWard.
7:13 of 2nd period - Stopped by Joel Hofer without a rebound.
7:14 of 2nd period - Michael Rasmussen wins face-off versus Kyle MacLean in Tappara Tampere zone.
7:21 of 2nd period - Slapshot by Michael Rasmussen.
7:21 of 2nd period - Stopped by Matt Murray with a rebound.
7:23 of 2nd period - Snap shot by Michael Rasmussen.
7:23 of 2nd period - Shot Misses the Net.
7:25 of 2nd period - Snap shot by John Klingberg.
7:25 of 2nd period - Goal by John Klingberg - Tappara Tampere : 5 - Toronto St Pats : 0.
7:26 of 2nd period - Aleksanteri Kaskimaki wins face-off versus Michael Rasmussen in neutral zone.
7:39 of 2nd period - Double Minor Penalty to Juuso Valimaki for Roughing.
7:40 of 2nd period - Michael Rasmussen wins face-off versus Kyle MacLean in Toronto St Pats zone.
9:20 of 2nd period - Wrist shot by Mitchell Chaffee.
9:20 of 2nd period - Stopped by Matt Murray with a rebound.
9:22 of 2nd period - Slapshot by John Klingberg.
9:22 of 2nd period - Stopped by Matt Murray without a rebound.
9:23 of 2nd period - Brett Berard wins face-off versus Michael Rasmussen in Toronto St Pats zone.
9:23 of 2nd period - Brett Berard is hit by Nathan Walker.
11:39 of 2nd period - Penalty to Juuso Valimaki is over, Juuso Valimaki is back on ice.
12:09 of 2nd period - Justin Holl is hit by Aleksanteri Kaskimaki and loses puck.
12:56 of 2nd period - Max Sasson is hit by Austin Watson.
13:13 of 2nd period - John Farinacci is hit by Michael Rasmussen and loses puck.
13:30 of 2nd period - Pierre Engvall is hit by Austin Watson and loses puck.
14:22 of 2nd period - John Farinacci is hit by Klim Kostin.
14:25 of 2nd period - Icing by Brett Berard.
14:26 of 2nd period - Jayson Megna wins face-off versus John Farinacci in Toronto St Pats zone.
14:33 of 2nd period - Slapshot by Jayson Megna.
14:33 of 2nd period - Shot Misses the Net.
14:41 of 2nd period - Snap shot by Jonathan Lekkerimaki.
14:41 of 2nd period - Shot Misses the Net.
15:15 of 2nd period - Snap shot by Kyle MacLean.
15:15 of 2nd period - Shot Blocked by Michael Rasmussen.
15:18 of 2nd period - Icing by John Klingberg.
15:19 of 2nd period - Aleksanteri Kaskimaki wins face-off versus Michael Rasmussen in Tappara Tampere zone.
15:24 of 2nd period - Snap shot by Aleksanteri Kaskimaki.
15:24 of 2nd period - Stopped by Joel Hofer with a rebound.
15:26 of 2nd period - Wrist shot by Aleksanteri Kaskimaki.
15:26 of 2nd period - Stopped by Joel Hofer with a rebound.
15:28 of 2nd period - Slapshot by Elias Salomonsson.
15:28 of 2nd period - Shot Blocked by Andreas Englund.
15:30 of 2nd period - Slapshot by Elias Salomonsson.
15:30 of 2nd period - Stopped by Joel Hofer with a rebound.
15:32 of 2nd period - Snap shot by Jonah Gadjovich.
15:32 of 2nd period - Shot Misses the Net.
15:34 of 2nd period - Slapshot by Jakub Dvorak.
15:34 of 2nd period - Deflect By Michael Rasmussen.
15:34 of 2nd period - Stopped by Joel Hofer without a rebound.
15:35 of 2nd period - John Farinacci wins face-off versus Sam Carrick in Tappara Tampere zone.
15:52 of 2nd period - Jakub Dvorak is hit by Sam Carrick and loses puck.
16:13 of 2nd period - Wrist shot by Michael Rasmussen.
16:13 of 2nd period - Stopped by Matt Murray with a rebound.
16:29 of 2nd period - Slapshot by Aleksanteri Kaskimaki.
16:29 of 2nd period - Stopped by Joel Hofer without a rebound.
16:30 of 2nd period - Sam Carrick wins face-off versus Brett Berard in Tappara Tampere zone.
16:38 of 2nd period - Slapshot by Sebastian J. Aho.
16:38 of 2nd period - Shot Blocked by Scott Perunovich.
16:40 of 2nd period - Slapshot by Sam Carrick.
16:40 of 2nd period - Shot Misses the Net.
16:42 of 2nd period - Wrist shot by Andrew Poturalski.
16:42 of 2nd period - Stopped by Matt Murray without a rebound.
16:43 of 2nd period - Kyle MacLean wins face-off versus Sam Carrick in Toronto St Pats zone.
16:52 of 2nd period - Wrist shot by Kyle MacLean.
16:52 of 2nd period - Shot Misses the Net.
17:28 of 2nd period - Minor Penalty to Klim Kostin for Elbowing.
17:29 of 2nd period - Michael Rasmussen wins face-off versus Austin Watson in Tappara Tampere zone.
17:29 of 2nd period - Michael Rasmussen is hit by Austin Watson.
18:39 of 2nd period - Nathan Walker is hit by Kyle MacLean and loses puck.
19:28 of 2nd period - Penalty to Klim Kostin is over, Klim Kostin is back on ice.
19:35 of 2nd period - Snap shot by Ty Mueller.
19:35 of 2nd period - Shot Misses the Net.
19:37 of 2nd period - Slapshot by Juuso Valimaki.
19:37 of 2nd period - Deflect By Ty Mueller.
19:37 of 2nd period - Stopped by Joel Hofer with a rebound.
19:39 of 2nd period - Slapshot by Juuso Valimaki.
19:39 of 2nd period - Deflect By Ty Mueller.
19:39 of 2nd period - Shot Blocked by Andreas Englund.
19:39 of 2nd period - Puck is out of play.
19:40 of 2nd period - Ty Mueller wins face-off versus Jayson Megna in Tappara Tampere zone.
19:53 of 2nd period - Jakub Dvorak is hit by Ville Ottavainen and loses puck.
Goals for this period are 4 for Tappara Tampere vs 0 for Toronto St Pats.
Shots for this period are 13 for Tappara Tampere vs 9 for Toronto St Pats.
3rd period
0:01 of 3rd period - Sam Carrick wins face-off versus Kyle MacLean in neutral zone.
0:04 of 3rd period - Backhand shot by Pierre Engvall.
0:04 of 3rd period - Stopped by Matt Murray with a rebound.
0:06 of 3rd period - Slapshot by Jan Rutta.
0:06 of 3rd period - Stopped by Matt Murray without a rebound.
0:07 of 3rd period - Sam Carrick wins face-off versus Kyle MacLean in Toronto St Pats zone.
0:12 of 3rd period - Backhand shot by Sam Carrick.
0:12 of 3rd period - Shot Blocked by Scott Perunovich.
0:14 of 3rd period - Snap shot by Pierre Engvall.
0:14 of 3rd period - Stopped by Matt Murray with a rebound.
1:13 of 3rd period - Icing by Jonah Gadjovich.
1:14 of 3rd period - Ty Mueller wins face-off versus Michael Rasmussen in Toronto St Pats zone.
1:18 of 3rd period - Off-side.
1:19 of 3rd period - Ty Mueller wins face-off versus Michael Rasmussen in neutral zone.
1:39 of 3rd period - Slapshot by Brendan Brisson.
1:39 of 3rd period - Stopped by Joel Hofer with a rebound.
1:41 of 3rd period - Backhand shot by Jacob Moverare.
1:41 of 3rd period - Stopped by Joel Hofer without a rebound.
1:42 of 3rd period - Sam Carrick wins face-off versus John Farinacci in Tappara Tampere zone.
1:53 of 3rd period - Snap shot by Pierre Engvall.
1:53 of 3rd period - Shot Misses the Net.
1:55 of 3rd period - Snap shot by Andrew Poturalski.
1:55 of 3rd period - Stopped by Matt Murray without a rebound.
1:56 of 3rd period - Tomas Nosek wins face-off versus Kyle MacLean in Toronto St Pats zone.
2:04 of 3rd period - Wrist shot by Klim Kostin.
2:04 of 3rd period - Stopped by Matt Murray without a rebound.
2:05 of 3rd period - Ville Koivunen wins face-off versus Tomas Nosek in Toronto St Pats zone.
2:38 of 3rd period - Wrist shot by Mitchell Chaffee.
2:38 of 3rd period - Stopped by Matt Murray without a rebound.
2:39 of 3rd period - Sam Carrick wins face-off versus John Farinacci in Toronto St Pats zone.
2:52 of 3rd period - Snap shot by Andrew Poturalski.
2:52 of 3rd period - Deflect By Sam Carrick.
2:52 of 3rd period - Shot Misses the Net.
2:52 of 3rd period - Puck is out of play.
2:53 of 3rd period - Michael Rasmussen wins face-off versus Aleksanteri Kaskimaki in Toronto St Pats zone.
3:00 of 3rd period - Wrist shot by Logan Stankoven.
3:00 of 3rd period - Stopped by Matt Murray without a rebound.
3:01 of 3rd period - Aleksanteri Kaskimaki wins face-off versus Michael Rasmussen in Toronto St Pats zone.
3:01 of 3rd period - Aleksanteri Kaskimaki is hit by Justin Holl.
3:09 of 3rd period - Bogdan Trineyev is hit by Logan Stankoven and loses puck.
3:24 of 3rd period - Wrist shot by Aleksanteri Kaskimaki.
3:24 of 3rd period - Shot Misses the Net.
3:31 of 3rd period - Logan Stankoven beats up Jonah Gadjovich.
3:31 of 3rd period - Penalty to Jonah Gadjovich for Fighting.
3:31 of 3rd period - Penalty to Logan Stankoven for Fighting.
3:32 of 3rd period - Sam Carrick wins face-off versus John Farinacci in Toronto St Pats zone.
3:39 of 3rd period - Snap shot by Andrew Poturalski.
3:39 of 3rd period - Shot Misses the Net.
3:51 of 3rd period - Cole Schwindt is hit by Sam Carrick and loses puck.
6:02 of 3rd period - Jayson Megna is hit by Ty Mueller and loses puck.
6:15 of 3rd period - Wrist shot by Cole Schwindt.
6:15 of 3rd period - Stopped by Joel Hofer with a rebound.
6:19 of 3rd period - Slapshot by Brett Berard.
6:19 of 3rd period - Stopped by Joel Hofer with a rebound.
6:21 of 3rd period - Backhand shot by Elias Salomonsson.
6:21 of 3rd period - Stopped by Joel Hofer with a rebound.
6:41 of 3rd period - Snap shot by Pierre Engvall.
6:41 of 3rd period - Shot Blocked by Bogdan Trineyev.
6:57 of 3rd period - Slapshot by Michael Rasmussen.
6:57 of 3rd period - Shot Misses the Net.
8:11 of 3rd period - Slapshot by Cole Schwindt.
8:11 of 3rd period - Stopped by Joel Hofer with a rebound.
8:39 of 3rd period - Snap shot by Andrew Poturalski.
8:39 of 3rd period - Shot Blocked by Cole McWard.
8:41 of 3rd period - Slapshot by Sebastian J. Aho.
8:41 of 3rd period - Stopped by Matt Murray without a rebound.
8:42 of 3rd period - Aleksanteri Kaskimaki wins face-off versus Michael Rasmussen in Toronto St Pats zone.
9:18 of 3rd period - Brett Berard is hit by Sam Carrick and loses puck.
9:59 of 3rd period - Wrist shot by Nathan Walker.
9:59 of 3rd period - Shot Misses the Net.
10:01 of 3rd period - Wrist shot by Logan Stankoven.
10:01 of 3rd period - Goal by Logan Stankoven - Tappara Tampere : 6 - Toronto St Pats : 0.
10:02 of 3rd period - Sam Carrick wins face-off versus John Farinacci in neutral zone.
10:05 of 3rd period - John Farinacci is hit by Andrew Poturalski and loses puck.
10:10 of 3rd period - Snap shot by Andrew Poturalski.
10:10 of 3rd period - Shot Blocked by Jacob Moverare.
10:12 of 3rd period - Snap shot by Andrew Poturalski.
10:12 of 3rd period - Stopped by Matt Murray with a rebound.
10:14 of 3rd period - Slapshot by Sebastian J. Aho.
10:14 of 3rd period - Shot Blocked by Brett Berard.
10:16 of 3rd period - Snap shot by Pierre Engvall.
10:16 of 3rd period - Deflect By Cole Schwindt.
10:16 of 3rd period - Stopped by Matt Murray with a rebound.
11:02 of 3rd period - Off-side.
11:03 of 3rd period - John Farinacci wins face-off versus Michael Rasmussen in neutral zone.
11:08 of 3rd period - Snap shot by Brett Berard.
11:08 of 3rd period - Shot Blocked by Michael Rasmussen.
11:10 of 3rd period - Wrist shot by John Farinacci.
11:10 of 3rd period - Stopped by Joel Hofer without a rebound.
11:11 of 3rd period - Michael Rasmussen wins face-off versus John Farinacci in Tappara Tampere zone.
11:16 of 3rd period - Cole Schwindt is hit by Ville Ottavainen and loses puck.
11:59 of 3rd period - Wrist shot by Brett Berard.
11:59 of 3rd period - Goal by Brett Berard - Tappara Tampere : 6 - Toronto St Pats : 1.
12:00 of 3rd period - Sam Carrick wins face-off versus Kyle MacLean in neutral zone.
12:13 of 3rd period - Justin Holl is hit by Kyle MacLean and loses puck.
12:56 of 3rd period - Slapshot by Logan Stankoven.
12:56 of 3rd period - Shot Misses the Net.
12:58 of 3rd period - Slapshot by Nathan Walker.
12:58 of 3rd period - Shot Misses the Net.
13:12 of 3rd period - Andreas Englund is hit by Cole Schwindt and loses puck.
13:36 of 3rd period - Andreas Englund is hit by Kyle MacLean and loses puck.
13:55 of 3rd period - Snap shot by Aleksanteri Kaskimaki.
13:55 of 3rd period - Shot Misses the Net.
13:57 of 3rd period - Snap shot by Aleksanteri Kaskimaki.
13:57 of 3rd period - Shot Misses the Net.
13:59 of 3rd period - Wrist shot by Aleksanteri Kaskimaki.
13:59 of 3rd period - Stopped by Joel Hofer without a rebound.
14:00 of 3rd period - John Farinacci wins face-off versus Tomas Nosek in Tappara Tampere zone.
14:11 of 3rd period - Snap shot by Cole Schwindt.
14:11 of 3rd period - Shot Misses the Net.
14:21 of 3rd period - Wrist shot by Klim Kostin.
14:21 of 3rd period - Deflect By Tomas Nosek.
14:21 of 3rd period - Shot Blocked by Jacob Moverare.
14:21 of 3rd period - Puck is out of play.
14:22 of 3rd period - Kyle MacLean wins face-off versus Sam Carrick in Toronto St Pats zone.
14:27 of 3rd period - Slapshot by Elias Salomonsson.
14:27 of 3rd period - Shot Misses the Net.
14:29 of 3rd period - Snap shot by Kyle MacLean.
14:29 of 3rd period - Stopped by Joel Hofer with a rebound.
14:31 of 3rd period - Snap shot by Ville Koivunen.
14:31 of 3rd period - Stopped by Joel Hofer without a rebound.
14:32 of 3rd period - Ville Koivunen wins face-off versus Sam Carrick in Tappara Tampere zone.
14:47 of 3rd period - Snap shot by Austin Watson.
14:47 of 3rd period - Stopped by Joel Hofer without a rebound.
14:48 of 3rd period - Aleksanteri Kaskimaki wins face-off versus Michael Rasmussen in Tappara Tampere zone.
14:59 of 3rd period - Aleksanteri Kaskimaki and Andreas Englund fight to a draw.
14:59 of 3rd period - Penalty to Aleksanteri Kaskimaki for Fighting.
14:59 of 3rd period - Penalty to Andreas Englund for Fighting.
15:00 of 3rd period - Sam Carrick wins face-off versus Ville Koivunen in Tappara Tampere zone.
15:00 of 3rd period - Sam Carrick is hit by Kyle MacLean.
15:10 of 3rd period - Snap shot by Pierre Engvall.
15:10 of 3rd period - Shot Misses the Net.
15:31 of 3rd period - Snap shot by Justin Holl.
15:31 of 3rd period - Shot Misses the Net.
15:33 of 3rd period - Slapshot by Justin Holl.
15:33 of 3rd period - Stopped by Matt Murray without a rebound.
15:34 of 3rd period - Ty Mueller wins face-off versus Michael Rasmussen in Toronto St Pats zone.
15:34 of 3rd period - Ty Mueller is hit by Logan Stankoven.
16:00 of 3rd period - Justin Holl is hit by Brett Berard and loses puck.
16:21 of 3rd period - Minor Penalty to Elias Salomonsson for Diving.
16:22 of 3rd period - Michael Rasmussen wins face-off versus Kyle MacLean in Toronto St Pats zone.
16:24 of 3rd period - Snap shot by Logan Stankoven.
16:24 of 3rd period - Stopped by Matt Murray with a rebound.
16:48 of 3rd period - Ville Ottavainen is hit by Scott Perunovich and loses puck.
17:49 of 3rd period - Austin Watson is hit by Nathan Walker.
18:16 of 3rd period - Justin Holl is hit by Jonah Gadjovich.
18:21 of 3rd period - Penalty to Elias Salomonsson is over, Elias Salomonsson is back on ice.
18:32 of 3rd period - Elias Salomonsson is hit by Jayson Megna and loses puck.
19:13 of 3rd period - Sebastian J. Aho is hit by Bogdan Trineyev and loses puck.
Goals for this period are 1 for Tappara Tampere vs 1 for Toronto St Pats.
Shots for this period are 13 for Tappara Tampere vs 12 for Toronto St Pats.
Back to the Top